 Dungeon Crawl Stone Soup version 0.19-a0-682-g708bd0e (webtiles) character file.

46 AlphabetPasta the Digger (level 3, -4/26 HPs)
             Began as a Ghoul Earth Elementalist on June 17, 2016.
             Hit by a stone thrown by a gnoll (7 damage)
             ... on level 2 of the Dungeon.
             The game lasted 00:07:57 (1355 turns).

AlphabetPasta the Digger (Ghoul Earth Elementalist) Turns: 1355, Time: 00:07:58

Health: -4/26      AC:  2    Str: 11    XL:     3   Next: 66%
Magic:  2/5        EV: 12    Int: 11    God:
Gold:   32         SH:  0    Dex:  9    Spells: 3 memorised, 0 levels left

rFire  . . .     SeeInvis .     b - 35 stones
rCold  + . .     Gourm    .     c - +0 robe
rNeg   + + +     Faith    .     (no shield)
rPois  ∞         Spirit   .     (no helmet)
rElec  .         Dismiss  .     (no cloak)
rCorr  .         Reflect  .     (no gloves)
SustAt .         Harm     .     (no boots)
MR     .....                    (no amulet)
Stlth  ++........               (no ring)
                                (no ring)

@: rotting, not resistant to hostile enchantments, unstealthy
A: rotting body, claws 1, carnivore 3, cold resistance 1, negative energy
resistance 3, slow regeneration 1, torment resistance, unbreathing
a: no special abilities


You were on level 2 of the Dungeon.
You were not hungry.

You visited 1 branch of the dungeon, and saw 2 of its levels.

You collected 32 gold pieces.

Inventory:

Hand Weapons
 a - a +0 spear
Missiles
 b - 35 stones (in claw)
Armour
 c - a +0 robe (worn)
Scrolls
 h - 2 scrolls of fog {unknown}
 k - 2 scrolls of identify {unknown}
 o - a scroll of enchant weapon {unknown}
 p - a scroll of magic mapping {unknown}
Potions
 g - a potion of heal wounds {unknown}
 i - a potion of degeneration {unknown}
 j - a potion of flight {unknown}
 l - a potion of agility {unknown}
Books
 e - a book of Geomancy

   Spells                             Type                      Level
   a - Sandblast                      Earth                        1
   b - Passwall                       Transmutation/Earth          2
   c - Stone Arrow                    Conjuration/Earth            3
   d - Petrify                        Transmutation/Earth          4
   e - Lee's Rapid Deconstruction     Earth                        5
Comestibles
 d - a meat ration
 f - 2 slices of pizza
 m - 2 beef jerkies
 n - 10 chunks of flesh


   Skills:
 + Level 0.8 Polearms
 - Level 2.0 Dodging
 - Level 2.1 Stealth
 + Level 2.4 Spellcasting
 - Level 0.8 Transmutations
 * Level 4.0 Earth Magic


You couldn't memorise any spells.
You knew the following spells:

 Your Spells              Type           Power        Failure   Level  Hunger
a - Sandblast             Erth           ##....       6%          1    ##.....
b - Passwall              Tmut/Erth      #.........   17%         2    ###....
c - Stone Arrow           Conj/Erth      #.....       38%         3    ####...


Dungeon Overview and Level Annotations

Branches:
Dungeon (2/15)

Altars:


Innate Abilities, Weirdness & Mutations

Your body is rotting away.
You thrive on raw meat.
You are immune to poison.
You have sharp fingernails.
You are carnivorous and can eat meat at any time.
Your flesh is cold resistant. (rC+)
You are immune to negative energy. (rN+++)
You regenerate slowly when monsters are visible.
You are immune to unholy pain and torment.
You can survive without breathing.


Message History

Confirm with . or Enter, or press ? or * to list all spells.
Aiming: Sandblast
Press: ? - help, Shift-Dir - straight line, f/p - gnoll
Aim: a gnoll, wielding a spear of freezing (lightly wounded)
The rocky blast hits the gnoll.
The gnoll is severely wounded.
Casting: Sandblast
Confirm with . or Enter, or press ? or * to list all spells.
Aiming: Sandblast
Press: ? - help, Shift-Dir - straight line, f/p - gnoll
Aim: a gnoll, wielding a spear of freezing (severely wounded)
The rocky blast hits the gnoll.
The gnoll is almost dead.
The gnoll hits you from afar with a spear of freezing!
* * * LOW HITPOINT WARNING * * *
The gnoll closely misses you.
You see here 2 stones.
There is an open door here.
The gnoll throws a stone.
The stone hits you!
You die...

... #..... #g# #.....
#g# #..... #g# #.....
#(# #####' ##'## #....
#...# #.... #...# #....
#.@.# #. #.... #...# #.#
#.... #...# #.# #....
##'## #.####.... #.#
#.#....... #######'##
#.#.......
#........######.########
#...)....+..............
#........######.########


You could see 3 gnolls.

Vanquished Creatures
  2 dart slugs (D:1)
  2 giant geckos (D:1)
  3 bats
  2 giant cockroaches
  5 goblins
  6 hobgoblins
  3 jackals (D:2)
  5 kobolds
  2 giant newts (D:1)
  6 rats
36 creatures vanquished.

Notes
Turn   | Place    | Note
--------------------------------------------------------------
     0 | D:1      | AlphabetPasta the Ghoul Earth Elementalist began the quest for the Orb.
     0 | D:1      | Reached XP level 1. HP: 14/14 MP: 2/2
   110 | D:1      | Reached XP level 2. HP: 15/20 MP: 0/4
   165 | D:1      | Learned a level 2 spell: Passwall
   722 | D:1      | Reached XP level 3. HP: 26/26 MP: 2/5
   774 | D:1      | Learned a level 3 spell: Stone Arrow
  1222 | D:2      | Reached skill level 4 in Earth Magic
  1355 | D:2      | Hit by a stone thrown by a gnoll

Vault maps used:
D:1:      dpeg_arrival_tiny_a
D:2:      first_bread, minmay_close_crescents

Skill      XL: |  1  2  3 |
---------------+----------+-----
Dodging        | 2 |  2.0
Spellcasting   | 2 |  2.4
Earth Magic    | 4 |  4.0
Polearms       | |  0.8
Stealth        | |  2.1
Transmutations | |  0.8

Action                   || total
-------------------------++-------
Melee: Unarmed           ||     7
       Spear             ||    53
 Cast: Sandblast         ||    50
 Stab: Sleeping          ||     5
  Eat: Chunk             ||    18
Armor: Robe              ||    11
Dodge: Dodged            ||    44
